 Dungeon Crawl Stone Soup version 0.30-a0-1157-g2cc9ac7196 (webtiles) character file.

Game seed: 1077091162205265688

103 ragingrage the Shooter (level 4, 0/39 HPs)
             Began as a Naga Hunter on Apr 24, 2023.
             Slain by a gnoll
             ... wielding a +0 halberd
              (9 damage)
             ... on level 5 of the Dungeon.
             The game lasted 00:01:19 (2368 turns).

ragingrage the Shooter (Naga Hunter)                Turns: 2368, Time: 00:01:20

Health: 0/39       AC:  5    Str: 13    XL:     4   Next: 79%
Magic:  4/4        EV:  9    Int: 10    God:
Gold:   139        SH:  0    Dex: 16    Spells: 3/3 levels left

rFire   + . .        a - +0 shortbow
rCold   + . .        (shield currently unavailable)
rNeg    . . .        o - +3 leather armour
rPois   +            (no helmet)
rElec   .            d - scarf {rC+ rF+}
rCorr   .            (no gloves)
SInv    +            (no barding)
Will    .....        (no amulet)
Stlth   ++           (no ring)
HPRegen 0.26/turn    (no ring)
MPRegen 0.09/turn

%: no passive effects
@: very slow
A: AC +1, large, see invisible, deformed body, poison resistance, slowness 2,
spit poison 1, naga tail 1
a: Spit Poison


You were on level 5 of the Dungeon.
You visited 1 branch of the dungeon, and saw 4 of its levels.

You collected 139 gold pieces.

Inventory:

Hand Weapons
 a - a +0 shortbow (weapon)
Armour
 d - a scarf of resistance (worn)
 o - a +3 leather armour (worn)
Scrolls
 b - a scroll of immolation
 e - 2 scrolls of magic mapping {unknown}
 f - 4 scrolls of identify {unknown}
 h - 2 scrolls of brand weapon {unknown}
 i - a scroll of enchant armour {unknown}
 k - a scroll of fog {unknown}
 l - a scroll of teleportation {unknown}
 p - a scroll of vulnerability {unknown}
Potions
 c - a potion of mutation {unknown}
 g - 2 potions of curing {unknown}
 j - 2 potions of degeneration {unknown}
 m - 2 potions of might {unknown}
 n - 2 potions of lignification {unknown}


   Skills:
 - Level 2.0 Fighting
 + Level 5.4 Ranged Weapons
 - Level 1.5 Dodging
 - Level 1.5 Stealth


You had 3 spell levels left.
You didn't know any spells.
Your spell library contained the following spells:

 Spells                   Type           Power      Damage    Failure   Level
 Vhi's Electric Charge    Tloc/Air       0%         N/A       82%         3
 Arcjolt                  Conj/Air       0%         1d10      100%        5
 Plasma Beam              Fire/Air       0%         2x1d11    100%        6


Dungeon Overview and Level Annotations

Branches:
Dungeon (3/15)

Altars:
Dithmenos
Sif Muna


Innate Abilities, Weirdness & Mutations

Your serpentine skin is tough. (AC +1)
You have supernaturally acute eyesight. (SInv)
Armour fits poorly on your strangely shaped body.
Your system is resistant to poisons. (rPois)
You cover ground very slowly.
You can spit poison.
You have a snake-like lower body.


Message History

The arrow hits the gnoll but does no damage.
You have got your breath back.
You shoot an arrow. The arrow closely misses the gnoll. x2
The gnoll hits you with a +0 flail.
You shoot an arrow. The arrow hits the gnoll.
The gnoll hits you but does no damage. The gnoll hits you with a +0 flail.
You shoot an arrow.
The arrow hits the gnoll but does no damage.
The gnoll misses you. The gnoll hits you with a +0 flail!
You are too injured to fight recklessly!
You are too injured to fight recklessly!
You are too injured to fight recklessly!
Fire: a) +0 shortbow
Aim: a gnoll, wielding a +0 flail (heavily wounded, 66% to hit)
You shoot an arrow. The arrow hits the gnoll.
You hear a shout!
The gnoll barely misses you.
A gnoll comes into view. It is wielding a +0 club.
The gnoll hits you with a +0 flail. The gnoll closely misses you.
The gnoll barely misses you.
The gnoll moves out of view.
Fire: a) +0 shortbow
Aim: a gnoll, wielding a +0 flail (severely wounded, 66% to hit)
You shoot an arrow. The arrow hits the gnoll.
You kill the gnoll!
You hear a shout!
The gnoll hits you from afar with a +0 halberd.
Fire: a) +0 shortbow
Aim: a gnoll, wielding a +0 halberd (lightly wounded, 66% to hit)
You shoot an arrow. The arrow barely misses the gnoll.
The gnoll hits you but does no damage.
Fire: a) +0 shortbow
Aim: a gnoll, wielding a +0 halberd (lightly wounded, 66% to hit)
You shoot an arrow. The arrow closely misses the gnoll.
The gnoll hits you from afar with a +0 halberd!
* * * LOW HITPOINT WARNING * * *
Fire: a) +0 shortbow
Aim: a gnoll, wielding a +0 halberd (lightly wounded, 66% to hit)
You shoot an arrow. The arrow hits the gnoll.
The gnoll hits you from afar with a +0 halberd!
You die...

######## #......#
#########......#
#....@)g.......#
#.######g.....$#
#...............g.
#..##.......###.###
#. #....$.... #.
#.......### .
#########


You could see 2 gnolls.

Vanquished Creatures
  A gnoll (D:5)
  4 adders
  A worm (D:1)
  2 dart slugs
  2 ball pythons (D:1)
  8 bats
  6 endoplasms
  2 giant cockroaches
  3 goblins
  A hobgoblin (D:1)
  3 jackals (D:1)
  4 quokkas
  7 frilled lizards
  3 kobolds
  8 rats
55 creatures vanquished.

Notes
Turn   | Place    | Note
-------+----------+-------------------------------------------
     0 | D:1      | ragingrage the Naga Hunter began the quest for the Orb.
     0 | D:1      | Reached XP level 1. HP: 19/19 MP: 1/1
   139 | D:1      | Reached skill level 4 in Ranged Weapons
   139 | D:1      | Reached XP level 2. HP: 22/26 MP: 2/2
   480 | D:1      | Reached XP level 3. HP: 32/32 MP: 3/3
  1112 | D:2      | Reached skill level 5 in Ranged Weapons
  1134 | D:2      | Reached XP level 4. HP: 39/39 MP: 4/4
  2198 | D:3      | Found a shimmering blue altar of Sif Muna.
  2198 | D:3      | Found a shadowy altar of Dithmenos.
  2344 | D:3      | You fall into a shaft and drop 2 floors!
  2344 | D:5      | Entered Level 5 of the Dungeon
  2368 | D:5      | Slain by a gnoll

Illustrated notes

Levels and vault maps discovered:
D:1:      saegor_arrival_simple_b, layout_loops_ring,
          minmay_misc_feat_secret_circle, nicolae_wormholes
D:2:      layout_basic, minmay_increasing_density
D:3:      layout_loops_ring, nicolae_overflow_two_pavilions,
          kennysheep_cross_room
D:5:      layout_basic, minmay_temple_entry_mini_moons,
          nicolae_ossuary_entry_ruins, kennysheep_generic_room_14

Skill      XL: |  1  2  3 |
---------------+----------+-----
Ranged Weapons | 4 5 |  5.4
Fighting       | |  2.0
Dodging        | |  1.5
Stealth        | |  1.5

Action                     |  1- 3 |  4- 6 || total
---------------------------+-------+-------++-------
   Fire: Shortbow          |    98 |    56 ||   154
Ability: Spit Poison       |     1 |     1 ||     2
 Armour: Leather armour    |    17 |     7 ||    24
  Dodge: Dodged            |    17 |    15 ||    32

Table legend: (Time is in decaauts)
 A = Elapsed time spent in this place.
 B = Non-inter-level travel time spent in this place.
 C = Inter-level travel time spent in this place.
 D = Time resting spent in this place.
 E = Time spent auto-exploring this place.
 F = Levels seen in this place.
 G = Mean time per level.
                   A        B        C        D        E       F      G
               +--------+--------+--------+--------+--------+-----+--------+
         Total |   3166 |   2928 |    238 |    139 |   2415 |   4 |  791.5 |
       Dungeon |   3166 |   2928 |    238 |    139 |   2415 |   4 |  791.5 |
               +--------+--------+--------+--------+--------+-----+--------+

Top non-repeatable levels by time:
     D:2: 1813 daAuts
     D:1: 1065 daAuts
     D:3: 256 daAuts
     D:5: 31 daAuts
